 Dungeon Crawl Stone Soup version 0.31-a0-803-g95b03c3367 (webtiles) character file.

Game seed: 3187852948744039720

338 javelincjr the Changeling (level 6, -5/50 HPs)
             Began as a Demigod Shapeshifter on Sept 20, 2023.
             Slain by a hornet (13 damage)
             ... while paralysed by a hornet
             ... on level 4 of the Dungeon.
             The game lasted 00:10:21 (3377 turns).

javelincjr the Changeling (Demigod Shapeshifter)    Turns: 3377, Time: 00:10:21

Health: -5/50      AC:  5    Str: 29    XL:     6   Next: 7%
Magic:  8/8        EV:  2    Int: 12    God:
Gold:   188        SH:  0    Dex: 19    Spells: 5/5 levels left

rFire   . . .        D - +2 spear (chaos)
rCold   + . .        (no shield)
rNeg    . . .        B - +2 leather armour {rC+}
rPois   .            (helmet currently unavailable)
rElec   .            (cloak currently unavailable)
rCorr   .            (gloves currently unavailable)
SInv    .            (boots currently unavailable)
Will    .....        (no amulet)
Stlth   +            A - +6 ring of dexterity
HPRegen 0.28/turn    n - +6 ring of strength
MPRegen 0.11/turn

%: no passive effects
@: paralysed, beast-form, slowed
A: beast (slay +2), high MP 1, forlorn, divine attributes
a: Begin Untransformation


You were on level 4 of the Dungeon.
You were a hulking beast.
You visited 1 branch of the dungeon, and saw 4 of its levels.

You collected 188 gold pieces.

Inventory:

Hand Weapons
 D - a +2 spear of chaos (weapon)
Missiles
 i - 5 javelins
 k - 7 poisoned darts
 u - 8 stones
 y - 2 boomerangs
Armour
 a - a +0 animal skin
 l - a +0 ring mail
 q - a +0 chain mail
 s - a +2 robe
 t - the +1 robe of Prudence {Will+ rCorr Int+5 Dex-4}
   (You found it on level 2 of the Dungeon)

   Int+5:     It affects your intelligence (+5).
   Dex-4:     It affects your dexterity (-4).
   Will+:     It increases your willpower.
   rCorr:     It protects you from acid and corrosion.
 B - a +2 leather armour of cold resistance (worn)
Jewellery
 m - a ring of magical power
 n - a +6 ring of strength (right hand)
 o - a ring of resist corrosion
 z - a ring of positive energy
 A - a +6 ring of dexterity (left hand)
Talismans
 c - a beast talisman (active)
 d - a flux talisman
Wands
 p - a wand of flame (16)
Scrolls
 e - a scroll of poison {unknown}
 f - 3 scrolls of teleportation {unknown}
 j - 4 scrolls of identify {unknown}
 r - 2 scrolls of blinking {unknown}
 w - a scroll of fear {unknown}
 x - a scroll of silence {unknown}
Potions
 b - a potion of lignification
 h - a potion of might {unknown}
 v - a potion of magic {unknown}
 C - a potion of enlightenment {unknown}


   Skills:
 + Level 2.6 Fighting
 + Level 3.0 Dodging
 + Level 3.7 Unarmed Combat
 * Level 4.3 Shapeshifting


You had 5 spell levels left.
You didn't know any spells.
Your spell library contained the following spells:

 Spells                   Type           Power      Damage    Failure   Level
 Ensorcelled Hibernation  Hex/Ice        0%         N/A       50%         2
 Jinxbite                 Hex            0%         N/A       50%         2
 Frozen Ramparts          Ice            0%         1d1       73%         3
 Ozocubu's Armour         Ice            0%         N/A       73%         3
 Anguish                  Hex/Necr       0%         N/A       98%         4
 Petrify                  Tmut/Erth      0%         N/A       98%         4
 Metabolic Englaciation   Hex/Ice        0%         N/A       100%        5
 Simulacrum               Ice/Necr       0%         N/A       100%        6


Dungeon Overview and Level Annotations

Branches:
Dungeon (4/15)             Temple (0/1) D:4


Innate Abilities, Weirdness & Mutations

You are a hulking beast.
Your limbs bulge with bestial killing power. (Slay +2)
You have an increased reservoir of magic. (+10% MP)
You shall have no god before yourself.
Your divine heritage dramatically boosts your attributes as you level up.


Message History

You see here a quokka corpse.
You see here a dart slug corpse.
Found an escape hatch in the ceiling.
You enter the shallow water.
Moving in this stuff is going to be slow.
You open the door.
There is an open door here.
A hornet comes into view.
The hornet buzzes angrily.
An orc wizard comes into view. It is wielding a +0 dagger.
You enter the shallow water.
Moving in this stuff is going to be slow.
The orc wizard shouts!
The hornet stings you but does no damage.
The hornet attacks as it pursues you! The hornet stings you.
You feel yourself slow down.
The orc wizard mumbles some strange words.
The orc wizard flickers and vanishes!
Deactivating autopickup; reactivate with Ctrl-A.
A kobold comes into view. It is wielding a +0 whip.
The hornet stings you!
You are poisoned.
You feel as though you will be slow longer.
The kobold moves out of view.
You closely miss the hornet.
You feel very sick. The hornet closely misses you. The hornet stings you.
You are more poisoned.
You feel as though you will be slow longer.
You are too injured to fight recklessly!
You barely miss the hornet.
You feel very sick. The hornet misses you. The hornet barely misses you.
The hornet stings you!
* * * LOW HITPOINT WARNING * * *
You are more poisoned.
You feel as though you will be slow longer.
It was a potion of curing.
You feel better. The hornet stings you!
* * * LOW HITPOINT WARNING * * *
You suddenly lose the ability to move!
The hornet stings you!
You die...

#.# #.................##. #.#
#.###.###.##.#.#..##.
##.#######.###.###.##.......#.
#........~~~...~~~..........##
#..####.#~#~~#~~#~.#..........
#.## #.#~##~~~##~.#......#...
#.# #.#~~##'##~~.#....<.#...
#.# #.##~~#.#~~#.#......#...
#.# #.# ~##h##~..#......#...
#.# #.. ~#.y.#~..##.#.###...
#.# #~~ ~##.##~~~~#.#.####..
#.# #~# ~#.~.#~~#~#.........
#.# ##.##~##~.......###
...###~~#.#.##.#.. #.#
#~~......#.#.# .#.
#~.##.#....#.# . #
#~............


You could see a hornet.

Vanquished Creatures
  A scorpion (D:4)
  Jessica (D:2)
  Natasha (thrice) (D:2)
  Terence (D:2)
  An orc wizard (D:3)
  4 adders
  2 dart slugs
  9 orcs
  A bat (D:1)
  8 endoplasms
  3 giant cockroaches
  5 hobgoblins
  13 jackals
  6 kobolds
  2 quokkas
  9 ball pythons
  4 frilled lizards
  4 goblins
  8 rats
85 creatures vanquished.

Notes
Turn   | Place    | Note
-------+----------+-------------------------------------------
     0 | D:1      | javelincjr the Demigod Shapeshifter began the quest for the
                  | Orb.
     0 | D:1      | Reached XP level 1. HP: 15/15 MP: 3/3
   145 | D:1      | Reached skill level 1 in Fighting
   235 | D:1      | Reached XP level 2. HP: 23/23 MP: 4/4
   284 | D:1      | Reached skill level 3 in Shapeshifting
   831 | D:1      | Reached XP level 3. HP: 25/28 MP: 5/5
  1072 | D:2      | Noticed Terence
  1089 | D:2      | Killed Terence
  1312 | D:2      | Noticed Jessica
  1321 | D:2      | Killed Jessica
  1322 | D:2      | Reached XP level 4. HP: 21/36 MP: 6/6
  1478 | D:2      | Identified the +1 robe of Prudence {Will+ rCorr Int+5
                  | Dex-4}
  1758 | D:2      | Noticed Natasha
  1771 | D:2      | Killed Natasha
  1900 | D:2      | Noticed Natasha
  1905 | D:2      | Killed Natasha
  1906 | D:2      | Reached XP level 5. HP: 41/41 MP: 7/7
  1963 | D:2      | Noticed Natasha
  1981 | D:2      | Killed Natasha
  2092 | D:3      | Reached skill level 4 in Shapeshifting
  3172 | D:4      | Found a staircase to the Ecumenical Temple.
  3188 | D:4      | Reached XP level 6. HP: 49/50 MP: 8/8
  3371 | D:4      | Noticed a hornet
  3377 | D:4      | Paralysed by a hornet for 2 turns
  3377 | D:4      | Slain by a hornet

Illustrated notes

Levels and vault maps discovered:
D:1:      dpeg_arrival_oval, layout_loops_ring,
          chequers_ecumenical_altar_simple_redux
D:2:      layout_loops_cross, uniq_jessica, uniq_terence, uniq_natasha
D:3:      layout_basic, tgw_xom, grunt_dithmenos_smoke_and_mirrors,
          minmay_statues_item
D:4:      layout_basic, mainiacjoe_overflow_six_doors_small, tgw_kikubaaqudgha,
          minmay_temple_entry_mini_moons, minmay_manual_mullet

Skill      XL: |  1  2  3  4  5 |
---------------+----------------+-----
Fighting       | 1 2 |  2.6
Dodging        | 2 3 |  3.0
Shapeshifting  | 3 4 |  4.3
Unarmed Combat | 3 |  3.7

Action                     |  1- 3 |  4- 6 || total
---------------------------+-------+-------++-------
  Melee: Unarmed           |   120 |    92 ||   212
         Punch             |     4 |     2 ||     6
         Spear             |       |    20 ||    20
    Use: Potion            |       |     1 ||     1
   Stab: Sleeping          |     1 |     3 ||     4
 Armour: Animal skin       |    24 |       ||    24
         Chain mail        |    15 |       ||    15
         Ring mail         |     9 |       ||     9
         Robe              |       |    32 ||    32
         Leather armour    |       |    20 ||    20
  Dodge: Dodged            |    78 |    48 ||   126

Table legend: (Time is in decaauts)
 A = Elapsed time spent in this place.
 B = Non-inter-level travel time spent in this place.
 C = Inter-level travel time spent in this place.
 D = Time resting spent in this place.
 E = Time spent auto-exploring this place.
 F = Levels seen in this place.
 G = Mean time per level.
                   A        B        C        D        E       F      G
               +--------+--------+--------+--------+--------+-----+--------+
         Total |   3379 |   3284 |     95 |    285 |   2341 |   4 |  844.8 |
       Dungeon |   3379 |   3284 |     95 |    285 |   2341 |   4 |  844.8 |
               +--------+--------+--------+--------+--------+-----+--------+

Top non-repeatable levels by time:
     D:3: 1067 daAuts
     D:2: 1047 daAuts
     D:1: 945 daAuts
     D:4: 319 daAuts
